Map: Nightshade LE

Players

Trap

  • Race: Protoss Protoss
  • League: Bronze
  • Spawn Location: 5:00

Liquidthermy (uThermal) - Winner!

  • Race: Terran Terran
  • Spawn Location: 11:00

Event: Shopify TSL 5

VOD

Have the link to the VOD?

Description

Time

  • Played on: May 31, 2020, 8:49 a.m.
  • Length: 8:27

All games in this series

Show
View Real Time Build Order
Export as new Build Order

Trap Protoss 

Build Orders: 1 Gate Expand, Blink Stalkers 

Get SALT Encoding   

  12  0:00  Probe  
  13  0:12  Probe  
  14  0:17  Pylon  
  14  0:24  Probe (Chrono Boost)  
  15  0:36  Gateway  
  15  0:37  Probe (Chrono Boost)  
  16  0:45  Probe (Chrono Boost)  
  16  0:46  Assimilator  
  17  0:51  Probe  
  18  1:03  Probe  
  19  1:15  Probe  
  20  1:23  Cybernetics Core  
  20  1:33  Nexus  
  20  1:40  Pylon  
  20  1:43  Probe  
  21  1:49  Assimilator  
  21  1:55  Probe  
  21  1:57  Adept (Chrono Boost)  
  21  2:01  Warp Gate  
  24  2:07  Probe  
  25  2:17  Adept (Chrono Boost)  
  25  2:20  Probe  
  28  2:26  Twilight Council  
  27  2:32  Probe  
  28  2:39  Stalker  
  31  2:45  Probe (Chrono Boost)  
  31  2:49  Probe (Chrono Boost)  
  32  2:54  Probe (Chrono Boost)  
  32  2:58  Probe (Chrono Boost), Blink (Chrono Boost)  
  34  2:59  Probe (Chrono Boost)  
  35  3:08  Probe  
  35  3:11  Probe  
  37  3:16  Gateway  
  37  3:21  Robotics Facility  
  37  3:23  Probe  
  37  3:25  Probe  
  39  3:35  Probe  
  39  3:37  Probe  
  39  3:40  Shield Battery  
  41  3:43  Pylon  
  41  3:47  Probe  
  42  3:48  Stalker  
  42  3:49  Probe  
  45  3:56  Pylon  
  45  3:58  Gateway  
  45  4:02  Probe x2  
  47  4:08  Observer  
  48  4:11  Stalker  
  48  4:12  Stalker  
  48  4:16  Probe, Pylon  
  53  4:17  Probe  
  52  4:24  Assimilator  
  52  4:32  Assimilator  
  52  4:35  Stalker x2  
  56  4:41  Probe x2  
  50  4:53  Probe x2  
  51  5:07  Observer (Chrono Boost)  
  51  5:09  Probe x2 (Chrono Boost)  
  51  5:13  Pylon  
  52  5:17  Robotics Bay  
  53  5:21  Forge, Probe (Chrono Boost)  
  53  5:27  Probe (Chrono Boost)  
  54  5:30  Probe (Chrono Boost)  
  54  5:34  Probe (Chrono Boost)  
  56  5:35  Probe  
  56  5:37  Gateway  
  56  5:38  Gateway  
  57  5:45  Probe  
  57  5:47  Probe  
  50  5:50  Charge  
  59  5:53  Protoss Ground Weapons Level 1  
  59  5:54  Pylon  
  57  5:57  Observer  
  57  6:01  Colossus (Chrono Boost)  
  57  6:02  Gateway  
  57  6:07  Zealot  
  57  6:11  Extended Thermal Lance (Chrono Boost)  
  65  6:13  Zealot  
  65  6:16  Zealot  
  69  6:39  Observer, Pylon  
  69  6:40  Colossus (Chrono Boost)  
  69  6:44  Sentry, Zealot x2  
  81  6:47  Sentry, Zealot  
  81  6:51  Pylon  
  85  7:09  Sentry  
  85  7:10  Zealot x4  
  85  7:11  Zealot  
  97  7:15  Pylon  
  97  7:36  Zealot x4  
  97  7:37  Zealot  
  107  7:58  Zealot x3  
  85  8:18  Pylon  
  71  8:23  Zealot x4  
Show
View Real Time Build Order
Export as new Build Order

Liquidthermy Terran - Winner!

Build Orders: Gas First Reaper Expand 

Get SALT Encoding   

  12  0:01  SCV  
  13  0:13  SCV  
  14  0:18  Supply Depot  
  14  0:25  SCV  
  14  0:27  Refinery  
  15  0:39  SCV  
  16  0:44  Barracks  
  16  0:51  SCV  
  17  1:03  SCV  
  18  1:15  SCV  
  19  1:31  Orbital Command, Reaper  
  20  1:45  Command Center  
  20  1:55  Factory  
  20  1:58  SCV  
  21  2:05  Barracks Reactor  
  21  2:11  SCV  
  21  2:14  Supply Depot  
  22  2:23  SCV  
  22  2:25  Refinery  
  23  2:36  SCV  
  24  2:39  Hellion  
  24  2:42  Marine x2  
  24  2:43  Starport  
  28  2:48  SCV  
  29  2:58  Orbital Command  
  28  3:00  SCV  
  28  3:01  Marine x2  
  31  3:08  Hellion  
  31  3:12  SCV  
  36  3:24  SCV x2  
  36  3:30  Marine  
  36  3:31  Medivac  
  39  3:36  Hellion x2  
  39  3:38  Supply Depot  
  43  3:42  SCV x2  
  45  3:48  Barracks Tech Lab  
  45  3:54  SCV  
  46  3:59  SCV  
  46  4:00  Hellion x2  
  46  4:01  Supply Depot  
  51  4:07  Starport Reactor, Marine, Stimpack  
  51  4:09  SCV  
  53  4:12  SCV  
  54  4:25  SCV, Marine  
  54  4:28  Barracks  
  54  4:29  Barracks  
  56  4:35  Factory Tech Lab  
  55  4:40  SCV  
  55  4:42  Marine  
  51  4:50  SCV  
  44  4:53  SCV, Engineering Bay  
  44  4:54  Siege Tank, Bunker, Refinery  
  44  4:59  Starport Reactor  
  43  5:01  Marauder  
  43  5:02  SCV  
  43  5:05  SCV  
  43  5:06  Barracks  
  47  5:14  SCV  
  47  5:17  SCV  
  47  5:19  Marine x2  
  51  5:22  Marauder  
  51  5:26  SCV, Siege Tank  
  51  5:27  Marine x2, Supply Depot  
  59  5:29  SCV  
  59  5:34  Terran Infantry Weapons Level 1  
  59  5:37  Marine  
  59  5:38  SCV  
  59  5:40  Marine  
  59  5:41  SCV  
  62  5:46  Marine  
  62  5:47  Marine  
  62  5:48  Marine  
  63  5:50  SCV, Combat Shield  
  63  5:53  SCV, Supply Depot, Medivac  
  63  5:54  Marine  
  68  5:57  Medivac  
  68  6:01  Supply Depot  
  70  6:10  Missile Turret  
  70  6:15  SCV x2, Marine x5  
  77  6:21  Supply Depot  
  77  6:22  Siege Tank, Marine  
  77  6:25  Medivac  
  83  6:32  Marine x3  
  86  6:42  Marine x2, Medivac  
  90  6:47  Marine  
  90  6:49  Supply Depot  
  90  6:50  Marine x2  
  90  6:51  Marine  
  94  7:01  Supply Depot  
  94  7:05  Siege Tank, Marine x3  
  94  7:06  Medivac  
  102  7:10  Marine x2  
  105  7:19  Barracks Tech Lab  
  103  7:23  Marine x3  
  101  7:37  Siege Tank, Marine  
  101  7:42  Bunker  
  101  7:43  Bunker  
  105  7:45  Bunker  
  101  7:54  Marine, Medivac x2  
  101  7:55  Marine  
Tags
 
Add a new tag
Caveats
  • Supply blocks, unpowered buildings, or Contaminate may cause inaccurate times.
  • Supply counts are checked every 10 seconds.